MLB
TORONTO BLUE JAYS @ KANSAS CITY ROYALS
03/02/2030
 
TOP OF THE 1ST
Toronto Blue Jays batting - Pitching for Kansas City Royals : RHP Andy Maldonado
Pitching: RHP Andy Maldonado
Batting: LHB Kevin Gutowski 0-0: Ball
1-0: Ball
2-0: Ground out U3 (Groundball, 23, EV 93.8 MPH)
Batting: LHB Josh Holmes 0-0: Swinging Strike
0-1: Called Strike
0-2: Ball
1-2: SINGLE (Line Drive, 6D, EV 96.9 MPH)
Batting: RHB Chris Fink 0-0: Called Strike
0-1: Ball
1-1: DOUBLE (Line Drive, 7LS, EV 105.0 MPH)
Josh Holmes to third
Runner from 3rd tries for Home, SAFE, throw by LF to home
Batting: RHB Jacob Gonzalez 0-0: Ball
1-0: Foul Ball, location: 3F
1-1: Ball
2-1: Ball
3-1: Called Strike
3-2: Strikes out swinging
Batting: RHB Micah Lavery 0-0: Ball
1-0: Called Strike
1-1: Ball
2-1: Fly out, F9 (Flyball, 9, EV 104.4 MPH)
Top of the 1st over - 1 run, 2 hits, 0 errors, 1 left on base; Toronto 1 - Kansas City 0
BOTTOM OF THE 1ST
Kansas City Royals batting - Pitching for Toronto Blue Jays : LHP Andy Davidson
Pitching: LHP Andy Davidson
Batting: LHB Mike Mikula 0-0: Bunted foul
0-1: Ball
1-1: Foul Ball, location: 9LMF
1-2: Fly out, F9 (Flyball, 9D, EV 96.9 MPH)
Batting: LHB Doug Greeno 0-0: Ball
1-0: Ground out 6-3 (Groundball, 6, EV 88.8 MPH)
Batting: RHB Joe Tinsley 0-0: SINGLE (Line Drive, 8LS, EV 98.8 MPH)
Batting: LHB Tommy Bruner 0-0: Ball
1-0: Foul Ball, location: 2F
1-1: Swinging Strike
1-2: Foul Ball, location: 2F
1-2: Strikes out swinging
Bottom of the 1st over - 0 runs, 1 hit, 0 errors, 1 left on base; Toronto 1 - Kansas City 0
TOP OF THE 2ND
Toronto Blue Jays batting - Pitching for Kansas City Royals : RHP Andy Maldonado
Batting: LHB Steve Martin 0-0: Ball
1-0: Foul Ball, location: 7LSF
1-1: Foul Ball, location: 7LMF
1-2: Ball
2-2: Ball
3-2: Ground out U3 (Groundball, 34S, EV 84.4 MPH)
Batting: RHB Chris Griffith 0-0: Ball
1-0: Foul Ball, location: 9LMF
1-1: DOUBLE (Line Drive, 89D, EV 102.5 MPH)
Batting: RHB Jarod Niemann 0-0: Ball
1-0: Ball
2-0: Called Strike
2-1: Ball
3-1: Foul Ball, location: 5DF
3-2: Strikes out swinging
Batting: RHB Caleb Molina 0-0: Called Strike
0-1: Ball
1-1: Ball
2-1: Ball
Wild Pitch!
Chris Griffith to third
3-1: Foul Ball, location: 7LSFF
3-2: Strikes out looking
Top of the 2nd over - 0 runs, 1 hit, 0 errors, 1 left on base; Toronto 1 - Kansas City 0
BOTTOM OF THE 2ND
Kansas City Royals batting - Pitching for Toronto Blue Jays : LHP Andy Davidson
Batting: RHB Ethan Galbo 0-0: Ball
1-0: Foul Ball, location: 2F
1-1: Fly out, F8 (Line Drive, 8LM, EV 98.1 MPH)
Batting: LHB Jimmy Palmer 0-0: Called Strike
0-1: Ball
1-1: Ball
2-1: Fly out, F9 (Flyball, 89XD, EV 104.4 MPH)
Batting: RHB Ian Petrin 0-0: Fly out, F9 (Flyball, 9, EV 94.4 MPH)
Bottom of the 2nd over - 0 runs, 0 hits, 0 errors, 0 left on base; Toronto 1 - Kansas City 0
TOP OF THE 3RD
Toronto Blue Jays batting - Pitching for Kansas City Royals : RHP Andy Maldonado
Batting: LHB Kevin Gutowski 0-0: Called Strike
0-1: Ball
1-1: Foul Ball, location: 9LSF
1-2: Strikes out looking
Batting: LHB Josh Holmes 0-0: Called Strike
0-1: Ball
1-1: Ball
2-1: Swinging Strike
2-2: Ball
3-2: Strikes out looking
Batting: RHB Chris Fink 0-0: Ball
1-0: DOUBLE (Line Drive, 9LS, EV 92.5 MPH)
Batting: RHB Jacob Gonzalez 0-0: Called Strike
0-1: Ball
1-1: Foul Ball, location: 2F
1-2: Foul Ball, location: 2F
1-2: Strikes out looking
Top of the 3rd over - 0 runs, 1 hit, 0 errors, 1 left on base; Toronto 1 - Kansas City 0
BOTTOM OF THE 3RD
Kansas City Royals batting - Pitching for Toronto Blue Jays : LHP Andy Davidson
Batting: LHB Logan Brown 0-0: Foul Ball, location: 2F
0-1: Ball
1-1: Ball
2-1: SINGLE (Groundball, 6D, EV 104.4 MPH)
Batting: LHB Steve Driggers 0-0: Ball
1-0: Ball
2-0: Called Strike
2-1: Bunted foul
2-2: Ball
Wild Pitch!
Logan Brown to second
3-2: Ground out 4-3 (Groundball, 4, EV 89.4 MPH)
Logan Brown to third
Batting: LHB Mike Mikula 0-0: Ball
1-0: Called Strike
1-1: Ball
2-1: Ground out 6-3 (Groundball, 4M, EV 83.8 MPH)
Logan Brown scores
Batting: LHB Doug Greeno 0-0: Called Strike
0-1: Ball
1-1: Swinging Strike
1-2: Ball
2-2: Ball
3-2: DOUBLE (Line Drive, 78D, EV 108.1 MPH)
Batting: RHB Joe Tinsley 0-0: Fly out, F9 (Flyball, 9D, EV 95.0 MPH)
Bottom of the 3rd over - 1 run, 2 hits, 0 errors, 1 left on base; Toronto 1 - Kansas City 1
TOP OF THE 4TH
Toronto Blue Jays batting - Pitching for Kansas City Royals : RHP Andy Maldonado
Batting: RHB Micah Lavery 0-0: Ball
1-0: Fly out, F8 (Flyball, 8LM, EV 92.5 MPH)
Batting: LHB Steve Martin 0-0: Ball
1-0: Ball
2-0: Ball
3-0: Base on Balls
Batting: RHB Chris Griffith 0-0: Ball
1-0: Fielders Choice at 2nd, 5-4 (Groundball, 56, EV 106.3 MPH)
Batting: RHB Jarod Niemann 0-0: Called Strike
0-1: Fly out, F4 (Popup, 4MD, EV 48.1 MPH)
Top of the 4th over - 0 runs, 0 hits, 0 errors, 1 left on base; Toronto 1 - Kansas City 1
BOTTOM OF THE 4TH
Kansas City Royals batting - Pitching for Toronto Blue Jays : LHP Andy Davidson
Batting: LHB Tommy Bruner 0-0: Ball
1-0: Called Strike
1-1: Foul Ball, location: 25FF
1-2: Foul Ball, location: 2F
1-2: Ball
2-2: Strikes out swinging
Batting: RHB Ethan Galbo 0-0: Ball
1-0: SINGLE (Groundball, 13, EV 71.3 MPH) (infield hit)
Batting: LHB Jimmy Palmer 0-0: Called Strike
0-1: Fly out, F8 (Flyball, 8RD, EV 105.0 MPH)
Batting: RHB Ian Petrin 0-0: Fly out, F9 (Flyball, 89S, EV 91.9 MPH)
Bottom of the 4th over - 0 runs, 1 hit, 0 errors, 1 left on base; Toronto 1 - Kansas City 1
TOP OF THE 5TH
Toronto Blue Jays batting - Pitching for Kansas City Royals : RHP Andy Maldonado
Pitching: RHP Jose Leclerc
Now at 2B: Pat Miner
Now in CF: Latrell Phifer
Batting: RHB Caleb Molina 0-0: Swinging Strike
0-1: Fly out, F8 (Flyball, 8LD, EV 110.0 MPH)
Batting: LHB Kevin Gutowski 0-0: Ball
1-0: Foul Ball, location: 2F
1-1: Ball
2-1: Ball
3-1: Swinging Strike
3-2: SINGLE (Line Drive, 8RS, EV 103.8 MPH)
Batting: LHB Josh Holmes 0-0: Ball
1-0: Ball
2-0: Ball
3-0: Called Strike
3-1: Foul Ball, location: 2F
3-2: Foul Ball, location: 7LMF
3-2: Strikes out swinging
Batting: RHB Chris Fink 0-0: Fly out, F8 (Flyball, 8RD, EV 105.0 MPH)
Top of the 5th over - 0 runs, 1 hit, 0 errors, 1 left on base; Toronto 1 - Kansas City 1
BOTTOM OF THE 5TH
Kansas City Royals batting - Pitching for Toronto Blue Jays : LHP Andy Davidson
Now at 2B: Steve Colon
Now at SS: Bo Bichette
Now in LF: Tony Rangel
Now in CF: Kaden Cox
Now in RF: Edgar Rodriquez
Batting: LHB Logan Brown 0-0: Ball
1-0: Ball
2-0: Ball
3-0: Called Strike
3-1: DOUBLE (Line Drive, 5D, EV 97.5 MPH)
Batting: LHB Steve Driggers 0-0: Foul Ball, location: 2F
0-1: Ball
1-1: Foul Ball, location: 2F
1-2: Foul Ball, location: 5FF
1-2: Ball
2-2: Strikes out looking
Batting: LHB Mike Mikula 0-0: Ground out U3 (Groundball, 3, EV 89.4 MPH)
Logan Brown to third
Batting: LHB Doug Greeno 0-0: Foul Ball, location: 9LMFF
0-1: Ground out 3-1 (Groundball, 34, EV 100.6 MPH)
Bottom of the 5th over - 0 runs, 1 hit, 0 errors, 1 left on base; Toronto 1 - Kansas City 1
TOP OF THE 6TH
Toronto Blue Jays batting - Pitching for Kansas City Royals : RHP Jose Leclerc
Now at C: Ken Leeper
Now at 1B: John Dodman
Pinch Hitting: LHB CJ Abrams 0-0: Ball
1-0: DOUBLE (Line Drive, 3D, EV 99.4 MPH)
Batting: LHB Tony Rangel 0-0: Fly out, F7 (Flyball, 7D, EV 103.8 MPH)
Pinch Hitting: RHB Manuel Beltre 0-0: Ball
1-0: Ball
2-0: Ball
3-0: Called Strike
3-1: Foul Ball, location: 9LDF
3-2: Base on Balls
Batting: RHB Chris Griffith 0-0: Ball
1-0: SINGLE (Groundball, 34D, EV 99.4 MPH)
CJ Abrams to third
Manuel Beltre to second
Runner from 3rd tries for Home, SAFE, throw by RF to home
Batting: RHB Bo Bichette 0-0: Ball
1-0: Ball
2-0: Fly out, F7 (Flyball, 7S, EV 98.1 MPH)
Pitching: RHP Jon Cohen
Batting: LHB Erik Kasner 0-0: Swinging Strike
0-1: Ball
1-1: Called Strike
1-2: Strikes out swinging
Top of the 6th over - 1 run, 2 hits, 0 errors, 2 left on base; Toronto 2 - Kansas City 1
BOTTOM OF THE 6TH
Kansas City Royals batting - Pitching for Toronto Blue Jays : LHP Andy Davidson
Pitching: RHP Derek Tilley
Now at 1B: Steve Colon
Now at 2B: Bo Bichette
Now at 3B: CJ Abrams
Now at SS: Manuel Beltre
Batting: RHB Latrell Phifer 0-0: Foul Ball, location: 23FF
0-1: SINGLE (Groundball, 6, EV 83.8 MPH) (infield hit)
Batting: LHB Ken Leeper 0-0: SINGLE (Flyball, 89S, EV 85.6 MPH)
Latrell Phifer to second
Batting: RHB Ethan Galbo 0-0: Ball
1-0: Ball
2-0: Ball
3-0: Grounds into double play, 6-4-3 (Groundball, 6, EV 80.0 MPH)
Latrell Phifer to third
Batting: LHB Jimmy Palmer 0-0: Called Strike
0-1: Foul Ball, location: 2F
0-2: Fly out, F8 (Flyball, 8LD, EV 105.0 MPH)
Bottom of the 6th over - 0 runs, 2 hits, 0 errors, 1 left on base; Toronto 2 - Kansas City 1
TOP OF THE 7TH
Toronto Blue Jays batting - Pitching for Kansas City Royals : RHP Jon Cohen
Batting: LHB Edgar Rodriquez 0-0: Fly out, F8 (Line Drive, 89D, EV 91.3 MPH)
Batting: LHB Kaden Cox 0-0: Ball
1-0: Fly out, F8 (Line Drive, 89S, EV 91.9 MPH)
Batting: LHB Steve Colon 0-0: Ball
1-0: Ball
2-0: Foul Ball, location: 3DF
2-1: Foul Ball, location: 2RF
2-2: Foul Ball, location: 9LMF
2-2: Strikes out looking
Top of the 7th over - 0 runs, 0 hits, 0 errors, 0 left on base; Toronto 2 - Kansas City 1
BOTTOM OF THE 7TH
Kansas City Royals batting - Pitching for Toronto Blue Jays : RHP Derek Tilley
Pitching: RHP Joey Gerber
Batting: LHB Pat Miner 0-0: Ball
1-0: Called Strike
1-1: Called Strike
1-2: Ball
2-2: Ball
3-2: Strikes out swinging
Pitching: RHP Simeon Woods Richardson
Batting: LHB John Dodman 0-0: Ball
1-0: Ball
2-0: Ball
3-0: Called Strike
3-1: Fly out, F8 (Flyball, 8LD, EV 90.6 MPH)
Batting: LHB Steve Driggers 0-0: Ball
1-0: Swinging Strike
1-1: Ball
2-1: Called Strike
2-2: Foul Ball, location: 2F
2-2: SINGLE (Line Drive, 89S, EV 106.3 MPH)
Pinch Hitting: RHB Joel Reed 0-0: DOUBLE (Line Drive, 5D, EV 108.8 MPH)
Steve Driggers to third
Batting: LHB Doug Greeno 0-0: Ground out U3 (Groundball, 3, EV 81.3 MPH)
Bottom of the 7th over - 0 runs, 2 hits, 0 errors, 2 left on base; Toronto 2 - Kansas City 1
TOP OF THE 8TH
Toronto Blue Jays batting - Pitching for Kansas City Royals : RHP Jon Cohen
Pitching: LHP Anthony Kay
Now in LF: Latrell Phifer
Now in CF: Joel Reed
Now in RF: Jimmy Palmer
Batting: LHB CJ Abrams 0-0: Swinging Strike
0-1: Ball
1-1: Called Strike
1-2: Strikes out swinging
Batting: LHB Tony Rangel 0-0: Swinging Strike
0-1: Foul Ball, location: 23F
0-2: Ground out U3 (Groundball, 34D, EV 94.4 MPH)
Batting: RHB Manuel Beltre 0-0: Ball
1-0: Called Strike
1-1: Ball
2-1: Ball
3-1: Base on Balls
Pinch Hitting: RHB Greg Uhrig 0-0: Called Strike
0-1: Ball
1-1: Called Strike
1-2: Ball
2-2: Foul Ball, location: 2F
2-2: Ball
3-2: Base on Balls
Manuel Beltre to second
Batting: RHB Bo Bichette 0-0: Swinging Strike
0-1: Ball
1-1: Ball
2-1: Swinging Strike
2-2: Strikes out looking
Top of the 8th over - 0 runs, 0 hits, 0 errors, 2 left on base; Toronto 2 - Kansas City 1
BOTTOM OF THE 8TH
Kansas City Royals batting - Pitching for Toronto Blue Jays : RHP Simeon Woods Richardson
Now at C: Greg Uhrig
Pinch Hitting: LHB Danny Trout 0-0: Foul Ball, location: 3FF
0-1: Fly out, F6 (Popup, 6S, EV 71.9 MPH)
Batting: LHB Ken Leeper 0-0: Called Strike
0-1: Fly out, F9 (Flyball, 9LS, EV 96.9 MPH)
Batting: RHB Ethan Galbo 0-0: Fly out, F9 (Line Drive, 9, EV 108.8 MPH)
Bottom of the 8th over - 0 runs, 0 hits, 0 errors, 0 left on base; Toronto 2 - Kansas City 1
TOP OF THE 9TH
Toronto Blue Jays batting - Pitching for Kansas City Royals : LHP Anthony Kay
Pitching: RHP Esteban Ramos
Now at 1B: Danny Trout
Now in LF: John Dodman
Batting: LHB Erik Kasner 0-0: Ball
1-0: Swinging Strike
1-1: Swinging Strike
1-2: Strikes out swinging
Batting: LHB Edgar Rodriquez 0-0: Called Strike
0-1: Foul Ball, location: 2F
0-2: Ball
1-2: Ball
2-2: Foul Ball, location: 7LMF
2-2: Fly out, F8 (Flyball, 8RXD, EV 78.1 MPH)
Batting: LHB Kaden Cox 0-0: Ball
1-0: Ball
2-0: Ground out 3-1 (Groundball, 34, EV 86.3 MPH)
Top of the 9th over - 0 runs, 0 hits, 0 errors, 0 left on base; Toronto 2 - Kansas City 1
BOTTOM OF THE 9TH
Kansas City Royals batting - Pitching for Toronto Blue Jays : RHP Simeon Woods Richardson
Pitching: LHP Jose Morales
Now at 1B: CJ Abrams
Now at 3B: Steve Earnest
Batting: LHB Jimmy Palmer 0-0: Called Strike
0-1: Foul Ball, location: 23F
0-2: Foul Ball, location: 7LSF
0-2: SOLO HOME RUN (Flyball, 89XD, EV 102.5 MPH), Distance : 421 ft
Batting: LHB Pat Miner 0-0: Ball
1-0: Ball
2-0: Foul Ball, location: 2F
2-1: Ball
3-1: Fly out, F8 (Flyball, 8RM, EV 91.9 MPH)
Pinch Hitting: RHB Kris Bar 0-0: Ball
1-0: Called Strike
1-1: Called Strike
1-2: Strikes out swinging
Batting: LHB Steve Driggers 0-0: Ball
1-0: Called Strike
1-1: Ball
2-1: Called Strike
2-2: Strikes out swinging
Bottom of the 9th over - 1 run, 1 hit, 0 errors, 0 left on base; Toronto 2 - Kansas City 2
Tuesday, February 20th , 2024 - OOTP Baseball 24.7 Build 72